 Dungeon Crawl Stone Soup version 0.29-a0-283-ga02f740833 (webtiles) character file.

Game seed: 16129388992918235909

106400 epen the Archer (level 16, -1/127 (138) HPs)
             Began as a Gnoll Hunter on Mar 14, 2022.
             Was the Champion of Dithmenos.
             Slain by a profane servitor
             ... wielding a +1 whip of distortion
              (10 damage)
             ... on level 5 of the Abyss.
             The game lasted 00:49:51 (32756 turns).

epen the Archer (Gnoll Hunter)                     Turns: 32756, Time: 00:49:51

HP:   -1/127 (138)  AC: 15    Str: 12    XL:     16   Next: 44%
MP:   29/30         EV: 25    Int:  8    God:    Dithmenos [******]
Gold: 1699          SH:  0    Dex: 25    Spells: 34/36 levels left

rFire   + . .      SeeInvis .   h - +6 hand crossbow "Tirir" {elec, +Blink rCorr}
rCold   . . .      Faith    .   (no shield)
rNeg    + . .      Spirit   .   d - +0 acid dragon scales
rPois   +          Reflect  .   W - +1 hat {Will+}
rElec   .          Harm     .   y - +0 cloak {rPois}
rCorr   +          Rampage  .   A - +1 pair of gloves {hurl}
Will    ++...                   g - +0 pair of boots "Coqupn" {rPois rN+ Dex+2}
Stlth   +++++++++.              O - amulet of regeneration
HPRegen 0.31/turn               s - +4 ring of evasion
MPRegen 0.22/turn               z - ring of protection from fire

@: about to teleport, on blink cooldown, wreathed by umbra, drained, unable to
read
A: fangs 1, strong nose, distributed training, robust 1, [inability to read
while threatened]
a: Renounce Religion, Evoke Blink, Shadow Step, Shadow Form


You were on level 5 of the Abyss.
You worshipped Dithmenos.
Dithmenos was exalted by your worship.
You visited 3 branches of the dungeon, and saw 21 of its levels.
You visited the Abyss 1 time.
You also visited: Bailey and Gauntlet.

You collected 1699 gold pieces.

Inventory:

Hand Weapons
 h - the +6 hand crossbow "Tirir" (weapon) {elec, +Blink rCorr}
   (You acquired it on level 6 of the Dungeon)

   Any ammunition fired from it occasionally discharges a powerful burst of
   electricity upon striking a foe.
   +Blink:    It lets you blink.
   rCorr:     It protects you from acid and corrosion.
 J - the +11 short sword of Departure {vamp, Dex+3}
   (You found it in a bailey)

   It occasionally heals its wielder for a portion of the damage dealt when it
   wounds a living foe.
   Dex:       It affects your dexterity (+3).
 K - the +6 short sword "Pileg" {flame, rPois Str+9 Stlth+}
   (You found it in a bailey)

   It burns those it strikes, dealing additional fire damage.
   Str:       It affects your strength (+9).
   rPois:     It protects you from poison.
   Stlth:     It makes you more stealthy.
 P - the +9 trident "Echaytz" {drain, Will+ rCorr}
   (You found it on level 9 of the Dungeon)

   A truly terrible weapon, it drains the life of any living foe it strikes.
   rCorr:     It protects you from acid and corrosion.
   Will:      It increases your willpower.
Missiles
 N - 5 throwing nets
Armour
 d - +0 acid dragon scales (worn)
 g - the +0 pair of boots "Coqupn" (worn) {rPois rN+ Dex+2}
   (You found it on level 4 of the Lair of Beasts)

   Dex:       It affects your dexterity (+2).
   rPois:     It protects you from poison.
   rN:        It protects you from negative energy.
 k - the +4 ring mail of Qixunopluni {*Slow Str+4}
   (You found it in a bailey)

   Str:       It affects your strength (+4).
   *Slow:     It may slow you when you take damage.
 y - a +0 cloak of poison resistance (worn)
 A - a +1 pair of gloves of hurling (worn)
 V - a +1 pair of gloves
 W - a +1 hat of willpower (worn)
 X - the +5 chain mail of Upieddus {rF++}
   (You found it on level 3 of the Lair of Beasts)

   rF:        It greatly protects you from fire.
Jewellery
 a - a ring of wizardry
 m - a ring of protection from fire
 s - a +4 ring of evasion (left hand)
 v - an amulet of reflection
 z - a ring of protection from fire (right hand)
 O - an amulet of regeneration (around neck)
Wands
 f - a wand of mindburst (9)
 q - a wand of polymorph (21)
 r - a wand of digging (3)
 w - a wand of flame (61)
 x - a wand of acid (4)
 E - a wand of charming (6)
Scrolls
 c - 4 scrolls of immolation
 e - 11 scrolls of teleportation
 j - a scroll of fear
 o - 7 scrolls of enchant armour
 G - a scroll of enchant weapon
 M - 3 scrolls of amnesia
 Q - 3 scrolls of blinking
 R - 4 scrolls of magic mapping
 T - 8 scrolls of identify
 U - 4 scrolls of fog
Potions
 b - 3 potions of lignification
 i - 6 potions of mutation
 l - 5 potions of might
 n - 4 potions of attraction
 p - 3 potions of curing
 t - 2 potions of ambrosia
 u - 2 potions of berserk rage
 B - 3 potions of brilliance
 D - 5 potions of haste
 F - 2 potions of magic
 H - 2 potions of flight
 I - 2 potions of resistance
 L - a potion of invisibility


   Skills:
 + Level 11.5 Fighting
 + Level 10.6 Short Blades
 + Level 10.6 Long Blades
 + Level 10.6 Axes
 + Level 10.6 Maces & Flails
 + Level 10.6 Polearms
 + Level 10.6 Staves
 + Level 10.6 Slings
 + Level 13.4 Bows
 + Level 10.6 Crossbows
 + Level 10.6 Throwing
 + Level 10.6 Armour
 + Level 11.5 Dodging
 + Level 10.9 Stealth
 + Level 10.6 Shields
 + Level 10.6 Unarmed Combat
 + Level 10.6 Spellcasting
 + Level 8.9 Conjurations
 + Level 8.9 Hexes
 + Level 8.9 Summonings
 + Level 8.9 Necromancy
 + Level 8.9 Translocations
 + Level 8.9 Transmutations
 + Level 8.9 Fire Magic
 + Level 8.9 Ice Magic
 + Level 8.9 Air Magic
 + Level 8.9 Earth Magic
 + Level 8.9 Poison Magic
 + Level 11.5 Invocations
 + Level 10.6 Evocations


You had 34 spell levels left.
You knew the following spells:

 Your Spells              Type           Power      Damage    Failure   Level
a - Blink                 Tloc           36%        N/A       1%          2

Your spell library contained the following spells:

 Spells                   Type           Power      Damage    Failure   Level
 Gell's Gravitas          Tloc           18%        N/A       1%          3
 Lesser Beckoning         Tloc           18%        N/A       1%          3
 Ozocubu's Armour         Ice            18%        N/A       1%          3
 Portal Projectile        Hex/Tloc       36%        N/A       1%          3
 Summon Guardian Golem    Hex/Summ       18%        N/A       1%          3
 Teleport Other           Tloc           18%        N/A       1%          3
 Airstrike                Air            9%         N/A       4%          4
 Alistair's Intoxication  Tmut/Pois      12%        N/A       14%         5
 Blade Hands              Tmut           9%         N/A       14%         5
 Excruciating Wounds      Necr           9%         N/A       14%         5
 Freezing Cloud           Conj/Ice/Air   9%         6-21      14%         5
 Manifold Assault         Tloc           18%        N/A       14%         5
 Metabolic Englaciation   Hex/Ice        9%         N/A       14%         5
 Silence                  Hex/Air        9%         N/A       14%         5
 Simulacrum               Ice/Necr       9%         N/A       61%         6
 Orb of Destruction       Conj           9%         9d6       99%         7
 Spellforged Servitor     Conj/Summ      9%         N/A       99%         7
 Storm Form               Tmut/Air       9%         N/A       99%         7
 Chain Lightning          Conj/Air       9%         3d12      100%        9
 Polar Vortex             Ice            9%         N/A       100%        9


Dungeon Overview and Level Annotations

Branches:
Dungeon (14/15)            Temple (1/1) D:4            Lair (6/6) D:9
 Shoals (0/4) Lair:3        Snake (0/4) Lair:3        Slime (0/5) Lair:5
    Orc (0/2) D:9          Vaults (0/5) D:13         Bailey (visited)
Gauntlet (visited)

Altars:
Ashenzari
Cheibriados
Dithmenos
Elyvilon
Fedhas
Gozag
Hepliaklqana
Kikubaaqudgha
Makhleb
Nemelex Xobeh
Okawaru
Qazlal
Ru
Sif Muna
Trog
Uskayaw
Vehumet
Wu Jian
Xom
Yredelemnul
Zin
The Shining One
Jiyva

Shops:
D:1 (   D:7 ==   D:11 [


Innate Abilities, Weirdness & Mutations

You have very sharp teeth.
Your uncanny sense of smell can sniff out nearby items.
Your experience applies equally to all skills.
You are robust. (+10% HP)
[You sometimes lose the ability to read scrolls when taking damage.]


Message History

You start resting.
A profane servitor comes into view. It is wielding a +1 whip of distortion.
As you read the scroll of teleportation, it crumbles to dust.
You feel strangely unstable.
You feel the power of the Abyss delaying your translocation!
The profane servitor attacks as you move away!
The profane servitor hits you with a +1 whip of distortion!
You feel threatened and lose the ability to read scrolls!
The profane servitor draws strength from your injuries!
Space warps around you.
The profane servitor hits you but does no damage.
Space warps around you.
You can read scrolls again.
Really attack while wielding the +6 hand crossbow "Tirir" {elec, +Blink rCorr}?
Okay, then.
Aiming: Shadow Step
Press: ? - help, Dir - move target, f - profane servitor
Aim: a profane servitor, wielding a +1 whip of distortion (umbra)
Okay, then.
You blink.
The profane servitor hits you with a +1 whip of distortion.
The profane servitor draws strength from your injuries!
Space warps horribly around you!!
You feel threatened and lose the ability to read scrolls!
* * * LOW HITPOINT WARNING * * *
The profane servitor closely misses you.
Casting: Blink (safe; 1% risk of failure)
Confirm with . or Enter, or press ? or * to list all spells.
You are still too unstable to blink.
Casting: Blink (safe; 1% risk of failure)
Confirm with . or Enter, or press ? or * to list all spells.
You are still too unstable to blink.
Casting: Blink (safe; 1% risk of failure)
Confirm with . or Enter, or press ? or * to list all spells.
You are still too unstable to blink.
The profane servitor hits you but does no damage.
Space warps horribly around you!!
* * * LOW HITPOINT WARNING * * *
The profane servitor hits you with a +1 whip of distortion!
You die...

### #.##
###A@##
#....§#
#..#####
#.# ..#
..# ##.
# ∆


You could see a profane servitor.

Vanquished Creatures
  Gastronok (Lair:1)
  A minotaur (Gauntlet)
  A dire elephant (Lair:6)
  A fire dragon (Lair:6)
  Fannar (D:11)
  Harold (Lair:1)
  7 hydras
  8 vault guards (D:13)
  A ghost crab (Gauntlet)
  A centaur warrior (D:13)
  5 two-headed ogres
  A death knight (D:13)
  2 catoblepae (Lair:6)
  4 death yaks (Lair:6)
  A tengu warrior (D:13)
  Urug (Lair:3)
  A flayed ghost (D:12)
  A glowing orange brain (Abyss:2)
  10 skeletal warriors (D:13)
  A swamp dragon (Lair:6)
  A phantasmal warrior (D:13)
  4 lindwurms (Lair:6)
  2 deep elf pyromancers
  An oklob plant (Lair:4)
  An ugly thing (D:13)
  5 cyclopes
  8 elephants (Lair:6)
  Joseph (D:7)
  A guardian serpent (shapeshifter) (D:14)
  2 torpor snails
  3 black mambas
  Psyche (D:8)
  2 gargoyles
  13 cane toads
  17 komodo dragons
  4 kobold demonologists
  An unseen horror (D:11)
  A freezing wraith (D:13)
  2 efreet
  6 rime drakes
  6 polar bears
  3 trolls
  3 large abominations (Abyss:2)
  A wolf spider simulacrum (D:12)
  10 blink frogs
  An ettin zombie (Abyss:2)
  7 dream sheep
  2 shadows
  2 vampires
  3 wyverns
  14 fire bats (D:12)
  10 wraiths
  53 yaks
  Grum (D:8)
  A chaos spawn (Abyss:2)
  3 basilisks
  4 vampire mosquitoes
  3 nagas (Lair:3)
  2 steam dragons (Lair:6)
  5 wargs (D:9)
  14 water moccasins
  4 acid dragons
  6 orc warriors
  A swamp drake (Lair:6)
  An ogre (D:6)
  5 black bears
  28 wolves
  3 ice beasts
  4 boggarts (Lair:4)
  2 centaurs
  2 phantoms
  3 kobold brigands
  12 bullfrogs
  2 gnoll sergeants
  4 necrophages
  2 scorpions
  3 small abominations
  5 wights
  9 killer bees (D:8)
  7 vampire bats (Bailey)
  5 wolf zombies (Bailey)
  6 howler monkeys
  2 electric eels (D:8)
  2 lava snakes (D:7)
  8 hounds
  10 orc priests
  Crazy Yiuf (D:4)
  2 gnoll shamans
  2 jellies
  4 iguanas
  12 orc wizards
  Robin (D:4)
  18 gnolls
  5 adders
  A shadow imp (D:7)
  3 white imps
  2 worms
  39 orcs
  67 bats
  5 endoplasms
  5 giant cockroaches
  19 goblins
  20 hobgoblins
  12 jackals
  25 kobolds
  6 quokkas
  A ball python (D:1)
  3 frilled lizards (D:2)
  26 orc zombies (Bailey)
  5 rats
  A bush (Lair:4)
  2 butterflies (Lair:4)
697 creatures vanquished.

Vanquished Creatures (others)
  A kobold (D:8)
  2 bushes (Lair:6)
  4 demonic plants (Gauntlet)
  44 fungi
  58 plants
109 creatures vanquished.

Grand Total: 806 creatures vanquished

Notes
Turn   | Place    | Note
-------+----------+-------------------------------------------
     0 | D:1      | epen the Gnoll Hunter began the quest for the Orb.
     0 | D:1      | Reached XP level 1. HP: 20/20 MP: 1/1
    91 | D:1      | Reached XP level 2. HP: 26/26 MP: 2/2
   407 | D:1      | Reached XP level 3. HP: 31/31 MP: 3/3
   467 | D:1      | Found Omearesoph's Antique Weapon Boutique.
   577 | D:1      | Reached skill level 1 in Invocations
   587 | D:1      | Found a faded altar of an unknown god.
  1050 | D:2      | Reached skill level 1 in Short Blades
  1050 | D:2      | Reached skill level 1 in Long Blades
  1050 | D:2      | Reached skill level 1 in Axes
  1050 | D:2      | Reached skill level 1 in Maces & Flails
  1050 | D:2      | Reached skill level 1 in Polearms
  1050 | D:2      | Reached skill level 1 in Staves
  1050 | D:2      | Reached skill level 1 in Slings
  1050 | D:2      | Reached skill level 1 in Crossbows
  1050 | D:2      | Reached skill level 1 in Throwing
  1050 | D:2      | Reached skill level 1 in Armour
  1050 | D:2      | Reached skill level 1 in Shields
  1050 | D:2      | Reached skill level 1 in Unarmed Combat
  1050 | D:2      | Reached skill level 1 in Spellcasting
  1050 | D:2      | Reached skill level 1 in Evocations
  1286 | D:2      | Reached XP level 4. HP: 37/38 MP: 5/5
  1620 | D:3      | Found a hazy altar of Hepliaklqana.
  1846 | D:3      | Found a glowing silver altar of Zin.
  2066 | D:3      | Found a radiant altar of Vehumet.
  2107 | D:3      | Reached skill level 1 in Conjurations
  2107 | D:3      | Reached skill level 1 in Hexes
  2107 | D:3      | Reached skill level 1 in Summonings
  2107 | D:3      | Reached skill level 1 in Necromancy
  2107 | D:3      | Reached skill level 1 in Translocations
  2107 | D:3      | Reached skill level 1 in Transmutations
  2107 | D:3      | Reached skill level 1 in Fire Magic
  2107 | D:3      | Reached skill level 1 in Ice Magic
  2107 | D:3      | Reached skill level 1 in Air Magic
  2107 | D:3      | Reached skill level 1 in Earth Magic
  2107 | D:3      | Reached skill level 1 in Poison Magic
  2279 | D:4      | Found a staircase to the Ecumenical Temple.
  2313 | Temple   | Entered the Ecumenical Temple
  2607 | Temple   | Became a worshipper of Dithmenos the Shadowed
  2637 | D:4      | Identified the -2 helmet "Pouth" {MP+9 Int+4}
  2637 | D:4      | Noticed Robin
  2646 | D:4      | Reached XP level 5. HP: 43/43 MP: 6/6
  2830 | D:4      | Killed Robin
  3214 | D:4      | Reached * piety under Dithmenos
  3311 | D:4      | Reached XP level 6. HP: 50/50 MP: 8/8
  3704 | D:4      | Reached skill level 5 in Fighting
  3704 | D:4      | Reached skill level 5 in Dodging
  3825 | D:4      | Reached XP level 7. HP: 45/56 MP: 10/10
  4297 | D:4      | Found a runed translucent door.
  4298 | D:4      | Noticed Crazy Yiuf
  4443 | D:4      | Killed Crazy Yiuf
  4678 | D:5      | Entered Level 5 of the Dungeon
  4982 | D:5      | Reached skill level 9 in Bows
  5331 | D:5      | Reached XP level 8. HP: 63/63 MP: 12/12
  5868 | D:5      | Reached ** piety under Dithmenos
  7050 | D:6      | Found a sacrificial altar of Ru.
  7050 | D:6      | Found a broken altar of Ashenzari.
  7051 | D:6      | Found an opulent altar of Gozag.
  7194 | D:6      | Noticed a troll
  7199 | D:6      | Gained mutation: You are robust. (+10% HP) [potion of
                  | mutation]
  7206 | D:6      | Killed a troll
  7207 | D:6      | Reached XP level 9. HP: 48/75 MP: 14/14
  7217 | D:6      | Reached skill level 5 in Short Blades
  7217 | D:6      | Reached skill level 5 in Long Blades
  7217 | D:6      | Reached skill level 5 in Axes
  7217 | D:6      | Reached skill level 5 in Maces & Flails
  7217 | D:6      | Reached skill level 5 in Polearms
  7217 | D:6      | Reached skill level 5 in Staves
  7217 | D:6      | Reached skill level 5 in Slings
  7217 | D:6      | Reached skill level 10 in Bows
  7217 | D:6      | Reached skill level 5 in Crossbows
  7217 | D:6      | Reached skill level 5 in Throwing
  7217 | D:6      | Reached skill level 5 in Armour
  7217 | D:6      | Reached skill level 5 in Shields
  7217 | D:6      | Reached skill level 5 in Unarmed Combat
  7217 | D:6      | Reached skill level 5 in Spellcasting
  7217 | D:6      | Reached skill level 5 in Evocations
  7217 | D:6      | Reached XP level 10. HP: 58/86 MP: 14/18
  7226 | D:6      | Identified a scroll of acquirement
  7226 | D:6      | Acquired the +6 hand crossbow "Tirir" {elec, +Blink rCorr}
  7644 | D:6      | Found a glowing golden altar of the Shining One.
  7903 | D:7      | Noticed Joseph
  7903 | D:7      | Found Lexzyol's Jewellery Boutique.
  8100 | D:7      | Found Wiufuf's Jewellery Boutique.
  8183 | D:7      | Killed Joseph
  8331 | D:7      | Reached skill level 5 in Conjurations
  8331 | D:7      | Reached skill level 5 in Hexes
  8331 | D:7      | Reached skill level 5 in Summonings
  8331 | D:7      | Reached skill level 5 in Necromancy
  8331 | D:7      | Reached skill level 5 in Translocations
  8331 | D:7      | Reached skill level 5 in Transmutations
  8331 | D:7      | Reached skill level 5 in Fire Magic
  8331 | D:7      | Reached skill level 5 in Ice Magic
  8331 | D:7      | Reached skill level 5 in Air Magic
  8331 | D:7      | Reached skill level 5 in Earth Magic
  8331 | D:7      | Reached skill level 5 in Poison Magic
  8506 | D:7      | Found a stormy altar of Qazlal.
  8693 | D:7      | Reached *** piety under Dithmenos
  9011 | D:8      | Found a basalt altar of Yredelemnul.
  9089 | D:8      | Noticed Grum
  9096 | D:8      | Killed Grum
  9120 | D:8      | Found a shimmering blue altar of Sif Muna.
  9129 | D:8      | Learned a level 2 spell: Blink
  9143 | D:8      | Noticed Psyche
  9157 | D:8      | Killed Psyche
  9722 | D:8      | Reached XP level 11. HP: 55/94 MP: 20/20
 10249 | D:8      | Noticed a five-headed hydra
 10889 | D:8      | Killed a five-headed hydra
 10994 | D:9      | Found a flagged portal.
 11012 | Bailey   | Entered a bailey
 11053 | Bailey   | Reached **** piety under Dithmenos
 11345 | Bailey   | Identified the +4 ring mail of Qixunopluni {*Slow Str+4}
 11679 | Bailey   | Identified the +11 short sword of Departure {vamp, Dex+3}
 11683 | Bailey   | Identified the +6 short sword "Pileg" {flame, rPois Str+9
                  | Stlth+}
 11718 | Bailey   | Got the Disquisition on Air
 12293 | D:9      | Noticed a two-headed ogre
 12299 | D:9      | Reached skill level 11 in Bows
 12304 | D:9      | Killed a two-headed ogre
 12330 | D:9      | Reached ***** piety under Dithmenos
 12486 | D:9      | Found a staircase to the Lair.
 12706 | D:9      | Identified the +9 trident "Echaytz" {drain, Will+ rCorr}
 12855 | D:9      | Found a staircase to the Orcish Mines.
 13007 | D:10     | Entered Level 10 of the Dungeon
 13576 | D:10     | Reached XP level 12. HP: 103/103 MP: 22/22
 13972 | D:10     | Found a snail-covered altar of Cheibriados.
 14029 | D:10     | Noticed a two-headed ogre
 14036 | D:10     | Killed a two-headed ogre
 14358 | D:10     | Noticed a two-headed ogre
 14361 | D:10     | Noticed a two-headed ogre
 14365 | D:10     | Killed a two-headed ogre
 14370 | D:10     | Killed a two-headed ogre
 14584 | D:11     | Noticed Fannar
 14668 | D:11     | Killed Fannar
 15018 | D:11     | Found Cukk's Armour Emporium.
 16004 | Lair:1   | Entered Level 1 of the Lair of Beasts
 16595 | Lair:1   | Reached XP level 13. HP: 107/111 MP: 25/25
 16990 | Lair:1   | Noticed Harold
 17064 | Lair:1   | Killed Harold
 17126 | Lair:1   | Noticed Gastronok
 17138 | Lair:1   | Killed Gastronok
 18597 | Lair:3   | Reached ****** piety under Dithmenos
 18757 | Lair:3   | Reached skill level 12 in Bows
 18897 | Lair:3   | Found a staircase to the Shoals.
 18897 | Lair:3   | Noticed Urug
 18904 | Lair:3   | Killed Urug
 18962 | Lair:3   | Found a staircase to the Snake Pit.
 19147 | Lair:3   | Identified the +5 chain mail of Upieddus {rF++}
 19571 | Lair:3   | Identified the +5 flail of the Solstice {protect, Int+3
                  | Dex+6}
 20124 | Lair:4   | Identified the +0 pair of boots "Coqupn" {rPois rN+ Dex+2}
 20421 | Lair:4   | Reached skill level 10 in Fighting
 20421 | Lair:4   | Reached skill level 10 in Dodging
 21116 | Lair:5   | Found a gate leading to a gauntlet.
 21125 | Gauntlet | Entered a Gauntlet
 21125 | Gauntlet | Found a transporter.
 21125 | Gauntlet | Found a transporter.
 21210 | Gauntlet | Found a transporter.
 21210 | Gauntlet | Found a transporter.
 21212 | Gauntlet | Found a transporter.
 21222 | Gauntlet | Found a transporter.
 21235 | Gauntlet | Found a transporter.
 21242 | Gauntlet | Found a transporter.
 21260 | Gauntlet | Found a transporter.
 21268 | Gauntlet | Found a transporter.
 21288 | Gauntlet | Found a transporter.
 21338 | Gauntlet | Found a transporter.
 21682 | Gauntlet | Identified the +0 helmet of Pride {Harm Str+2 Dex-3}
 22210 | Gauntlet | Noticed a minotaur
 22220 | Gauntlet | Killed a minotaur
 22221 | Gauntlet | Reached XP level 14. HP: 121/121 MP: 25/27
 22229 | Gauntlet | Got the Disquisition on Lightness and Changing
 22332 | Lair:5   | Reached skill level 10 in Invocations
 22332 | Lair:5   | Reached XP level 15. HP: 127/127 MP: 28/28
 22793 | Lair:5   | Found a viscous altar of Jiyva.
 22793 | Lair:5   | Found a staircase to the Slime Pits.
 23201 | Lair:6   | Entered Level 6 of the Lair of Beasts
 24976 | Lair:6   | Reached skill level 10 in Stealth
 27418 | Lair:6   | Reached skill level 10 in Short Blades
 27418 | Lair:6   | Reached skill level 10 in Long Blades
 27418 | Lair:6   | Reached skill level 10 in Axes
 27418 | Lair:6   | Reached skill level 10 in Maces & Flails
 27418 | Lair:6   | Reached skill level 10 in Polearms
 27418 | Lair:6   | Reached skill level 10 in Staves
 27418 | Lair:6   | Reached skill level 10 in Slings
 27418 | Lair:6   | Reached skill level 10 in Crossbows
 27418 | Lair:6   | Reached skill level 10 in Throwing
 27418 | Lair:6   | Reached skill level 10 in Armour
 27418 | Lair:6   | Reached skill level 10 in Shields
 27418 | Lair:6   | Reached skill level 10 in Unarmed Combat
 27418 | Lair:6   | Reached skill level 10 in Spellcasting
 27418 | Lair:6   | Reached skill level 10 in Evocations
 27667 | Lair:6   | Reached skill level 13 in Bows
 28854 | D:12     | Found a runed translucent door.
 28879 | D:12     | Found a stormy altar of Qazlal.
 28899 | D:12     | Found a shimmering altar of Xom.
 28935 | D:12     | Found a radiant altar of Vehumet.
 28951 | D:12     | Found a bloodstained altar of Trog.
 29062 | D:12     | Found a sparkling altar of Nemelex Xobeh.
 29106 | D:12     | Found a glowing golden altar of the Shining One.
 29408 | D:13     | Reached XP level 16. HP: 137/137 MP: 30/30
 30214 | D:13     | Found a gate to the Vaults.
 32059 | D:14     | Cast into level 2 of the Abyss (a wizard)
 32090 | Abyss:2  | Noticed a tentacled monstrosity
 32554 | Abyss:2  | Found a runed translucent door.
 32574 | Abyss:2  | Noticed a Tzitzimitl
 32576 | Abyss:2  | Noticed a Hell Sentinel
 32724 | Abyss:4  | Found an ornate altar of the Wu Jian Council.
 32726 | Abyss:5  | Entered Level 5 of the Abyss
 32751 | Abyss:5  | Noticed a profane servitor
 32756 | Abyss:5  | Slain by a profane servitor

Illustrated notes

Levels and vault maps discovered:
D:1:      eino_arrival_water_star, layout_basic,
          hellmonk_ecumenical_altar_dog_temple, serial_shops,
          nicolae_shop_stone, serial_forest, infiniplex_forest_lined_corner,
          infiniplex_forest_straight_3, infiniplex_forest_clump_diagonal,
          infiniplex_forest_pool, infiniplex_forest_clump_medium,
          infiniplex_forest_straight_1
D:2:      layout_basic, minmay_door_square, chequers_serial_rivers_small_b,
          interstate_on_off
D:3:      layout_loops_ring, mainiacjoe_overflow_alcove_4,
          amcnicky_altar_gilded, mainiacjoe_overflow_catwalk
D:4:      layout_layer_cave, temple_pool_b, minmay_crystal_room,
          item_on_display_a, uniq_robin, uniq_crazy_yiuf_cottage
D:5:      layout_layer_cave
D:6:      layout_basic, chequers_temple_overflow_statue_of_worship,
          tso_oasis_becter
D:7:      layout_basic, nicolae_qazlal_general_emergency, serial_shops,
          nicolae_shop_statue_plus, shop, kennysheep_generic_room_2, uniq_joseph
D:8:      layout_cave_pods, mainiacjoe_overflow_brackets, kennysheep_mini_moat,
          kennysheep_opposing_triangles, uniq_grum, uniq_psyche
D:9:      layout_stronghold, erik_lair_orcish_takeover,
          minmay_orc_entry_guard_dogs, enter_bailey_4
D:10:     hellmonk_warped_wall, layout_loops_ring, cheibrodos_worm_habitat,
          serial_aquarium, aquarium_bridge_square [aquarium_subvault_wall,
          aquarium_subvault_bridge, aquarium_subvault_wall,
          aquarium_subvault_window], aquarium_bridge_island_large
          [aquarium_subvault_large_open, aquarium_subvault_bridge,
          aquarium_subvault_bridge, aquarium_subvault_window,
          aquarium_subvault_balcony], aquarium_window_corridor_2,
          aquarium_window_1, aquarium_window_2, aquarium_window_2,
          aquarium_view_2c, aquarium_balcony_3b
D:11:     layout_roguey, nicolae_inconvenience_store, uniq_fannar
D:12:     due_megacathedral, layout_basic
D:13:     layout_roguey, erik_vaults_2
D:14:     layout_loops_ring, grunt_decor_fettered, grunt_decor_cap,
          kennysheep_another_room, st_stairs_11
Temple:   minmay_temple_curvy_loop
Lair:1:   layout_chaotic_city, beast_lair_carwin_7, uniq_gastronok, uniq_harold
Lair:2:   layout_cave_pods, small_statue_intersection, st_stairs_4
Lair:3:   layout_cellular_growth, elwin_shoals_entry_rocks,
          minmay_snake_entry_guardpost_small, uniq_urug
Lair:4:   layout_loops_ring, minmay_lair_oklob_items, nicolae_lair_lil_pond,
          kilobyte_rumbling_trees, lemuel_fruit_fields
Lair:5:   layout_cave_pods, dpeg_slime_entry_enclosed_altar,
          gauntlet_entry_generic
Lair:6:   guppyfry_lair_end_dragon, layout_loops_ring, hangedman_lair_in_review,
          infiniplex_staircase_pool
Abyss:5:  base: D:5, base: Lair:1, hangedman_eye_storm

Skill      XL: |  1  2  3  4  5  6  7  8  9 10 11 12 13 14 15 |
---------------+----------------------------------------------+-----
Invocations    | 1 2 3 4 6 7 8 9 10 11 | 11.5
Short Blades   | 1 2 3 5 6 7 8 9 10 | 10.6
Long Blades    | 1 2 3 5 6 7 8 9 10 | 10.6
Axes           | 1 2 3 5 6 7 8 9 10 | 10.6
Maces & Flails | 1 2 3 5 6 7 8 9 10 | 10.6
Polearms       | 1 2 3 5 6 7 8 9 10 | 10.6
Staves         | 1 2 3 5 6 7 8 9 10 | 10.6
Slings         | 1 2 3 5 6 7 8 9 10 | 10.6
Crossbows      | 1 2 3 5 6 7 8 9 10 | 10.6
Throwing       | 1 2 3 5 6 7 8 9 10 | 10.6
Armour         | 1 2 3 5 6 7 8 9 10 | 10.6
Shields        | 1 2 3 5 6 7 8 9 10 | 10.6
Unarmed Combat | 1 2 3 5 6 7 8 9 10 | 10.6
Spellcasting   | 1 2 3 5 6 7 8 9 10 | 10.6
Evocations     | 1 2 3 5 6 7 8 9 10 | 10.6
Conjurations   | 1 2 3 4 5 6 7 8 |  8.9
Hexes          | 1 2 3 4 5 6 7 8 |  8.9
Summonings     | 1 2 3 4 5 6 7 8 |  8.9
Necromancy     | 1 2 3 4 5 6 7 8 |  8.9
Translocations | 1 2 3 4 5 6 7 8 |  8.9
Transmutations | 1 2 3 4 5 6 7 8 |  8.9
Fire Magic     | 1 2 3 4 5 6 7 8 |  8.9
Ice Magic      | 1 2 3 4 5 6 7 8 |  8.9
Air Magic      | 1 2 3 4 5 6 7 8 |  8.9
Earth Magic    | 1 2 3 4 5 6 7 8 |  8.9
Poison Magic   | 1 2 3 4 5 6 7 8 |  8.9
Stealth        | 3 4 6 7 8 9 10 | 10.9
Fighting       | 5 6 7 8 9 10 11 | 11.5
Dodging        | 5 6 7 8 9 10 11 | 11.5
Bows           | 9 10 11 12 13 | 13.4

Action                   |  1- 3 |  4- 6 |  7- 9 | 10-12 | 13-15 | 16-18 || total
-------------------------+-------+-------+-------+-------+-------+-------++-------
Melee: Shortbow          |       |       |     2 |       |       |       ||     2
       Short sword       |       |       |       |    10 |    13 |       ||    23
       Punch             |       |       |       |     2 |     1 |       ||     3
       Bite              |       |       |       |     1 |     2 |       ||     3
 Fire: Shortbow          |   107 |   223 |   293 |       |       |       ||   623
       Hand crossbow     |       |       |       |   900 |  1132 |   357 ||  2389
Throw: Throwing net      |       |       |     1 |     1 |     2 |       ||     4
Invok: Shadow Step       |       |       |       |       |     2 |       ||     2
       Shadow Form       |       |       |       |       |       |     1 ||     1
 Abil: Evoke Blink       |       |       |       |       |       |     1 ||     1
Evoke: Wand              |       |       |     1 |       |     2 |       ||     3
  Use: Potion            |       |     1 |     2 |     1 |     4 |     3 ||    11
       Scroll            |       |       |     4 |    19 |     9 |     2 ||    34
Armor: Leather armour    |     1 |       |       |       |       |       ||     1
       Ring mail         |    23 |    34 |    48 |    12 |       |       ||   117
       Acid dragon scale |       |       |       |   106 |    41 |    29 ||   176
       Chain mail        |       |       |       |       |   365 |       ||   365
Dodge: Dodged            |    38 |    52 |   137 |   608 |   824 |   183 ||  1842
Block: Other             |       |       |    35 |   146 |   234 |    28 ||   443
       Reflection        |       |       |     4 |     4 |       |     4 ||    12

Table legend: (Time is in decaauts)
 A = Elapsed time spent in this place.
 B = Non-inter-level travel time spent in this place.
 C = Inter-level travel time spent in this place.
 D = Time resting spent in this place.
 E = Time spent auto-exploring this place.
 F = Levels seen in this place.
 G = Mean time per level.
                   A        B        C        D        E       F      G
               +--------+--------+--------+--------+--------+-----+--------+
         Total |  33572 |  32444 |   1128 |   6272 |  19594 |  27 | 1243.4 |
       Dungeon |  19019 |  18438 |    581 |   2836 |  12274 |  14 | 1358.5 |
        Temple |    473 |    445 |     28 |    140 |    278 |   1 |  473.0 |
          Lair |  11502 |  10983 |    519 |   2647 |   6272 |   6 | 1917.0 |
         Abyss |    682 |    682 |      0 |    222 |      0 |   4 |  170.5 |
        Bailey |    797 |    797 |      0 |      0 |    530 |   1 |  797.0 |
      Gauntlet |   1097 |   1097 |      0 |    426 |    240 |   1 | 1097.0 |
               +--------+--------+--------+--------+--------+-----+--------+

Top non-repeatable levels by time:
  Lair:6: 4894 daAuts
    D:13: 2403 daAuts
     D:4: 2182 daAuts
     D:8: 2038 daAuts
     D:5: 1661 daAuts
    D:10: 1590 daAuts
  Lair:1: 1562 daAuts
  Lair:4: 1514 daAuts
    D:11: 1514 daAuts
     D:6: 1461 daAuts
     D:9: 1374 daAuts
  Lair:5: 1337 daAuts
    D:12: 1172 daAuts
  Lair:2: 1108 daAuts
Gauntlet: 1097 daAuts
